 Dungeon Crawl Stone Soup version 0.18-a0-1773-gec4f98e (webtiles) character file.

814 dobroeutro the Shield-Bearer (level 7, -6/45 HPs)
             Began as a Gargoyle Fighter on Apr 14, 2016.
             Shot with an arrow by a centaur (10 damage)
             ... on level 5 of the Dungeon.
             The game lasted 00:07:03 (3958 turns).

dobroeutro the Shield-Bearer (Gargoyle Fighter)     Turns: 3958, Time: 00:07:03

Health: -6/45      AC: 13    Str: 22    XL:     7   Next: 93%
Magic:  7/7        EV:  9    Int: 13    God:
Gold:   243        SH: 10    Dex:  9    Spells: 0 memorised, 6 levels left

rFire  . . .     SeeInvis .     a - +0 flail
rCold  + . .     Gourm    +     z - +4 leather armour "Bapnoucy" {-Cast Int+5}
rNeg   + . .     Faith    .     c - +0 shield
rPois  ∞         Spirit   .     g - +0 helmet
rElec  +         Dismiss  .     (no cloak)
rCorr  .         Reflect  .     (no gloves)
SustAt .         Harm     .     (no boots)
MR     .....     NoCast   +     n - amulet of the gourmand
Stlth  +.........               (no ring)
                                l - ring of protection from cold

@: not resistant to hostile enchantments, very unstealthy
A: negative energy resistance 1, electricity resistance, unbreathing,
petrification resistance, rot immunity, AC +4
a: no special abilities


You were on level 5 of the Dungeon.
You were full.

You visited 1 branch of the dungeon, and saw 5 of its levels.

You collected 243 gold pieces.

Inventory:

Hand Weapons
 a - a +0 flail (weapon)
Armour
 b - a +0 scale mail
 c - a +0 shield (worn)
 g - a +0 helmet (worn)
 z - the +4 leather armour "Bapnoucy" (worn) {-Cast Int+5}
   (You found it on level 4 of the Dungeon)

   It affects your intelligence (+5).
   It prevents spellcasting.
Jewellery
 l - a ring of protection from cold (left hand)
 n - an amulet of the gourmand (around neck)
 x - an uncursed ring of fire
Wands
 s - a wand of polymorph (5/24)
 A - a wand of flame (16/48)
 B - a wand of disintegration (14/24)
 C - a wand of iceblast (6/15)
Scrolls
 e - 2 scrolls of teleportation {unknown}
 h - a scroll of amnesia {unknown}
 i - 2 scrolls of fear {unknown}
 j - 5 scrolls of identify {unknown}
 r - a scroll of remove curse {unknown}
 y - a scroll of magic mapping {unknown}
Potions
 d - a potion of might
 m - 2 potions of curing
 o - a potion of brilliance {unknown}
 q - a potion of haste {unknown}
 u - a potion of degeneration {unknown}
 v - a potion of resistance {unknown}
 w - a potion of heal wounds {unknown}
Comestibles
 f - 4 bread rations
 k - 2 beef jerkies
 p - a meat ration
 t - 3 fruits


   Skills:
 + Level 5.6 Fighting
 + Level 4.7 Maces & Flails
 + Level 5.2 Armour
 + Level 6.1 Shields


You had 6 spell levels left.
You didn't know any spells.

Dungeon Overview and Level Annotations

Branches:
Dungeon (5/15)
 Temple: D:4-7

Altars:
Sif Muna


Innate Abilities, Weirdness & Mutations

You are resistant to torment.
Your stone body is resilient (AC +4).
You are immune to poison.
You resist negative energy.
You are resistant to electric shocks.
You can survive without breathing.
You are immune to petrification.
You are immune to rotting.


Message History

You are too injured to fight recklessly!
You are too injured to fight recklessly!
You are too injured to fight recklessly!
You are too injured to fight recklessly!
You are too injured to fight recklessly!
You are too injured to fight recklessly!
You are too injured to fight recklessly!
You are too injured to fight recklessly!
You are too injured to fight recklessly!
You are too injured to fight recklessly!
You are too injured to fight recklessly!
The ogre barely misses you.
The centaur wields an uncursed shortbow.
The centaur shoots an arrow.
The arrow hits you!
* * * LOW HITPOINT WARNING * * *
The centaur shoots an arrow.
You block the arrow.
You see here 2 arrows.
There is an open door here.
The centaur shoots an arrow.
The arrow hits you!
You die...

........# #.....#...#
#.##..... ........#
#.....#...####.##.....
........#
#.....#.....#.........
........#
#.....#............)##
....####..
......#.....##.####.#
#..## ##..
#.........##.####.#
#..#
#.........##....#.##
#.........##....'...
###@#####.......#... #
##'#########...#... .##
#.((.....# #...#...
##....
####.Oc(....+.........
...#
#.......(....#.#...#.##
...#
.........†...#.#...#.#
...# ..............#
#####.# ...#
..............# #..
...# .............[# #)


You could see an ogre and a centaur.

Vanquished Creatures
  Duvessa (D:4)
  Dowan (D:4)
  2 scorpions (D:4)
  A giant frog zombie (D:5)
  A hound (D:4)
  An orc wizard (D:3)
  2 orc priests (D:3)
  Ijyb (D:2)
  An iguana (D:4)
  Natasha (thrice) (D:3)
  A worker ant (D:4)
  A killer bee zombie (D:5)
  A hound zombie (D:5)
  2 hound skeletons
  A howler monkey zombie (D:5)
  Robin (D:2)
  A howler monkey skeleton (D:4)
  4 adders
  2 oozes
  3 worms
  2 dart slugs (D:1)
  4 giant geckos
  11 orcs
  6 bats
  6 giant cockroaches
  9 hobgoblins
  4 jackals (D:2)
  A quokka (D:4)
  A giant gecko zombie (D:5)
  3 giant newts
  17 goblins
  6 kobolds
  A quokka skeleton (D:4)
  A quokka zombie (D:5)
  6 rats
109 creatures vanquished.

Notes
Turn   | Place    | Note
--------------------------------------------------------------
     0 | D:1      | dobroeutro the Gargoyle Fighter began the quest for the Orb.
     0 | D:1      | Reached XP level 1. HP: 14/14 MP: 1/1
   269 | D:1      | Reached XP level 2. HP: 19/19 MP: 2/2
   519 | D:1      | Reached XP level 3. HP: 19/24 MP: 3/3
   650 | D:2      | Noticed Robin
   684 | D:2      | HP: 1/24 [hobgoblin/club[Robin] (3)]
   704 | D:2      | Killed Robin
   708 | D:2      | Reached skill level 4 in Shields
   933 | D:2      | Reached XP level 4. HP: 24/29 MP: 4/4
  1503 | D:3      | Noticed Natasha
  1510 | D:3      | Killed Natasha
  1510 | D:3      | Reached XP level 5. HP: 28/33 MP: 5/5
  1546 | D:3      | Noticed an orc warrior
  1641 | D:3      | Noticed Ijyb
  1989 | D:2      | Killed Ijyb
  2180 | D:3      | Noticed Natasha
  2183 | D:3      | Killed Natasha
  2183 | D:3      | Reached XP level 6. HP: 29/39 MP: 6/6
  2219 | D:3      | Reached skill level 5 in Shields
  2286 | D:3      | HP: 1/39 [orc/club (2)]
  2599 | D:3      | Noticed Natasha
  2604 | D:3      | Killed Natasha
  3033 | D:4      | Got a transparent leather armour
  3044 | D:4      | Identified the +4 leather armour "Bapnoucy" {-Cast Int+5} (You found it on level 4 of the Dungeon)
  3176 | D:4      | Noticed Dowan
  3177 | D:4      | Noticed Duvessa
  3195 | D:4      | Killed Duvessa
  3195 | D:4      | Reached skill level 5 in Fighting
  3195 | D:4      | Reached XP level 7. HP: 44/44 MP: 7/7
  3201 | D:4      | Killed Dowan
  3298 | D:4      | Found a deep blue altar of Sif Muna.
  3312 | D:4      | Reached skill level 5 in Armour
  3763 | D:5      | Entered Level 5 of the Dungeon
  3771 | D:5      | Reached skill level 6 in Shields
  3958 | D:5      | Shot with an arrow by a centaur

Vault maps used:
D:1:      dpeg_arrival_houses_and_road, hangedman_decor_slide_cut,
          hangedman_decor_push, roderic_serpentine_path, hangedman_decor_points
D:2:      kennysheep_the_goblin_king, uniq_robin
D:3:      first_bread, grunt_decor_one_mirror, uniq_iyjb, uniq_natasha
D:4:      overflow_temple_1_default, uniq_duvessa
D:5:      grunt_temple_overflow_forces_of_nature, johnstein_pakellas_shop,
          gammafunk_temple_overflow_statue, serial_undead, serial_undead_f,
          serial_undead_a, serial_undead_d, serial_undead_d

Skill      XL: |  1  2  3  4  5  6  7 |
---------------+----------------------+-----
Shields        | 4 5 6 |  6.1
Fighting       | 4 5 |  5.6
Maces & Flails | 3 4 |  4.7
Armour         | 4 5 |  5.2

Action                   |  1- 3 |  4- 6 |  7- 9 || total
-------------------------+-------+-------+-------++-------
Melee: Flail             |   149 |   232 |   112 ||   493
       Unarmed           |       |    48 |       ||    48
  Use: Potion            |     2 |       |       ||     2
  Eat: Chunk             |       |    17 |     1 ||    18
Armor: Scale mail        |    93 |   117 |       ||   210
       Skin              |       |     3 |       ||     3
       Leather armour    |       |    20 |    66 ||    86
Dodge: Dodged            |    49 |   111 |    53 ||   213
Block: Shield            |   107 |   156 |    72 ||   335
